 Dungeon Crawl Stone Soup version 0.27.0-66-gdc8fb28755 (webtiles) character file.

Game seed: 2083820254709487862

85 shadowrider38 the Chopper (level 4, -2/38 HPs)
             Began as a Ghoul Monk on Aug 20, 2021.
             Slain by a gnoll (6 damage)
             ... on level 3 of the Dungeon.
             The game lasted 00:05:25 (3255 turns).

shadowrider38 the Chopper (Ghoul Monk)              Turns: 3255, Time: 00:05:26

Health: -2/38      AC:  8    Str: 15    XL:     4   Next: 48%
Magic:  3/3        EV:  6    Int:  5    God:
Gold:   141        SH:  0    Dex: 11    Spells: 3/3 levels left

rFire    . . .     SeeInvis .   a - +0 hand axe
rCold    + . .     Faith    .   (no shield)
rNeg     + + +     Spirit   .   s - +0 chain mail
rPois    ∞         Reflect  .   (no helmet)
rElec    .         Harm     .   (no cloak)
rCorr    .         Rampage  .   (no gloves)
Will     .....                  (no boots)
Stlth    ..........             n - amulet of regeneration
HPRegen  0.00/turn              (no ring)
MPRegen  0.08/turn              (no ring)

@: inhibited regen
A: claws 1, cold resistance 1, negative energy resistance 3, inhibited
regeneration, torment resistance 2
a: no special abilities


You were on level 3 of the Dungeon.
You visited 1 branch of the dungeon, and saw 4 of its levels.

You collected 141 gold pieces.

Inventory:

Hand Weapons
 a - a +0 hand axe (weapon)
Missiles
 c - 29 poisoned darts (quivered)
 l - 140 stones
Armour
 s - a +0 chain mail (worn)
Jewellery
 n - an amulet of regeneration (around neck)
 p - an amulet of magic regeneration
Wands
 q - a wand of polymorph (13)
Scrolls
 b - 2 scrolls of torment {unknown}
 d - 2 scrolls of enchant armour {unknown}
 i - a scroll of blinking {unknown}
 j - 2 scrolls of identify {unknown}
 k - a scroll of noise {unknown}
 m - a scroll of silence {unknown}
 o - a scroll of amnesia {unknown}
 r - a scroll of brand weapon {unknown}
Potions
 e - a potion of curing {unknown}
 f - 2 potions of attraction {unknown}
 g - a potion of lignification {unknown}
 h - a potion of magic {unknown}


   Skills:
 - Level 3.2 Fighting
 + Level 4.7 Axes
 - Level 2.6 Dodging
 - Level 2.1 Stealth


You had 3 spell levels left.
You didn't know any spells.
Your spell library contained the following spells:

 Spells                   Type           Power      Damage    Failure   Level
 Animate Dead             Necr           0%         N/A       100%        4
 Borgnjor's Vile Clutch   Necr/Erth      0%         N/A       100%        5
 Death Channel            Necr           0%         N/A       100%        6


Dungeon Overview and Level Annotations

Branches:
Dungeon (4/15)
 Temple: D:4-7

Altars:


Innate Abilities, Weirdness & Mutations

You thrive by killing the living.
You are immune to poison.
You have sharp fingernails.
Your flesh is cold resistant. (rC+)
You are immune to negative energy. (rN+++)
You do not regenerate when monsters are visible.
You are immune to unholy pain and torment.


Message History

The gnoll hits you with a +0 flail!
A frilled lizard comes into view.
The gnoll hits you with a +0 flail!
* * * LOW HITPOINT WARNING * * *
There is a stone staircase leading down here.
You climb downwards.
There is a stone staircase leading up here.
You start resting.
HP restored.
You climb upwards.
The gnoll hits you but does no damage.
The gnoll hits you with a +0 whip. x2; The gnoll hits you but does no damage.
There is a stone staircase leading down here.
Press: ? - help, v - describe, . - travel
Here: a gnoll, wielding a +0 flail The floor.
The gnoll hits you but does no damage.
You hit the gnoll.
The gnoll is moderately wounded.
The gnoll barely misses you.
You hit the gnoll but do no damage.
The gnoll is moderately wounded.
The gnoll hits you with a +0 flail!
You hit the gnoll but do no damage.
The gnoll is moderately wounded.
The gnoll hits you with a +0 flail.
You completely miss the gnoll.
The gnoll is moderately wounded.
The gnoll hits you but does no damage.
You hit the gnoll.
The gnoll is heavily wounded.
The gnoll hits you with a +0 flail!
* * * LOW HITPOINT WARNING * * *
You hit the gnoll.
The gnoll is almost dead.
The gnoll hits you with a +0 flail!
* * * LOW HITPOINT WARNING * * *
You hit the gnoll but do no damage.
The gnoll is almost dead.
The gnoll hits you but does no damage. The gnoll hits you with a +0 flail.
You die...

#.#########...............≈≈≈≈#
..........................≈≈≈≈#
...........##...#..#######≈≈≈≈##
...........++......# #≈≈≈≈≈#
#..........##...#.## #≈≈≈≈≈#
...........##.....# ##≈≈≈≈##
#..........#####g## #≈≈≈≈≈#
#..........# #g# #≈≈≈≈≈#
+..........# #@# ##≈≈≈≈≈
........# ##.# #≈≈≈≈≈ ........#
#..# ##≈≈≈≈ ........## #.##
#≈≈≈≈ .........###.# ##≈≈≈
...........#.# ##≈≈
##########...### ### ###...###
##....##


You could see 2 gnolls.

Vanquished Creatures
  2 adders
  A worm (D:3)
  2 orcs (D:3)
  3 bats
  9 endoplasms
  A giant cockroach (D:2)
  3 goblins
  6 hobgoblins
  2 jackals (D:1)
  A quokka (D:1)
  7 ball pythons
  5 frilled lizards
  8 kobolds
  10 rats
60 creatures vanquished.

Vanquished Creatures (others)
  9 plants (D:3)
9 creatures vanquished.

Grand Total: 69 creatures vanquished

Notes
Turn   | Place    | Note
-------+----------+-------------------------------------------
     0 | D:1      | shadowrider38 the Ghoul Monk began the quest for the Orb.
     0 | D:1      | Reached XP level 1. HP: 19/19 MP: 0/0
   181 | D:1      | Reached skill level 3 in Axes
   318 | D:1      | Found a faded altar of an unknown god.
   435 | D:1      | Reached XP level 2. HP: 20/26 MP: 1/1
  1153 | D:1      | Reached XP level 3. HP: 31/31 MP: 2/2
  1574 | D:2      | Reached skill level 4 in Axes
  2287 | D:3      | Reached XP level 4. HP: 35/38 MP: 3/3
  3255 | D:3      | Slain by a gnoll

Illustrated notes

Levels and vault maps discovered:
D:1:      dpeg_arrival_leaves_temple_mockup, layout_basic,
          ebering_ecumenical_altar_mist, minmay_misc_feat_pillars
D:2:      layout_loops_ring, minmay_puff
D:3:      wander_river, layout_basic, chequers_big_river,
          kennysheep_cross_bottleneck, minmay_randomly_rotated_circles
D:4:      layout_layer_cave

Skill      XL: |  1  2  3 |
---------------+----------+-----
Axes           | 3 4 |  4.7
Fighting       | |  3.2
Dodging        | |  2.6
Stealth        | |  2.1

Action                   |  1- 3 |  4- 6 || total
-------------------------+-------+-------++-------
Melee: Hand axe          |   161 |    57 ||   218
 Stab: Sleeping          |     3 |       ||     3
Armor: Robe              |     5 |       ||     5
       Scale mail        |    51 |    10 ||    61
       Chain mail        |       |     5 ||     5
Dodge: Dodged            |    68 |    22 ||    90
